 Seeded DCSS version 0.30.0-10-gfe55d96785 (webtiles) character file.

Game seed: 10090500252402427320 (custom seed)

22 GigaChad the Shield-Bearer (level 3, -1/30 HPs)
             Began as a Formicid Fighter on May 15, 2023.
             Slain by Crazy Yiuf
             ... wielding a +3 quarterstaff of chaos
              (16 damage)
             ... on level 2 of the Dungeon.
             The game lasted 00:01:18 (1189 turns).

GigaChad the Shield-Bearer (Formicid Fighter)       Turns: 1189, Time: 00:01:19

Health: -1/30      AC:  6    Str: 26    XL:     3   Next: 7%
Magic:  3/3        EV:  9    Int:  7    God:
Gold:   124        SH:  9    Dex: 13    Spells: 2/2 levels left

rFire   . . .        a - +0 war axe
rCold   . . .        i - +0 kite shield "Vumoetep" {Regen+ Str+4}
rNeg    . . .        b - +0 scale mail
rPois   .            (helmet unavailable)
rElec   .            (no cloak)
rCorr   .            (no gloves)
SInv    +            (no boots)
Will    .....        (no amulet) Stlth
                     (no ring)
HPRegen 1.05/turn    (no ring)
MPRegen 0.08/turn

%: no passive effects
@: studying Axes
A: permanent stasis, dig shafts and tunnels, antennae 3, four strong arms
a: Dig, Shaft Self


You were on level 2 of the Dungeon.
You visited 1 branch of the dungeon, and saw 2 of its levels.

You collected 124 gold pieces.

Inventory:

Hand Weapons
 a - a +0 war axe (weapon)
Armour
 b - a +0 scale mail (worn)
 c - a +0 buckler
 i - the +0 kite shield "Vumoetep" (worn) {Regen+ Str+4}
   (You acquired it on level 1 of the Dungeon)

   Str:       It affects your strength (+4).
   Regen:     It increases your rate of health regeneration.
Scrolls
 g - a scroll of fog {unknown}
 h - 3 scrolls of identify {unknown}
 k - 2 scrolls of teleportation {unknown}
Potions
 d - 2 potions of might
 e - a potion of flight {unknown}
 f - 2 potions of brilliance {unknown}
 j - 2 potions of haste {unknown}
 l - a potion of heal wounds {unknown}


   Skills:
 * Level 3.6 Fighting
 * Level 2.3 Axes
 * Level 3.6 Armour
 * Level 4.3 Shields


You had 2 spell levels left.
You didn't know any spells.
Your spell library was empty.

Dungeon Overview and Level Annotations

Branches:
Dungeon (2/15)

Altars:
Nemelex Xobeh

Annotations:
D:2 Crazy Yiuf


Innate Abilities, Weirdness & Mutations

You cannot be hasted, slowed, berserked, paralysed or teleported.
You can dig through walls and to a lower floor.
You have a pair of large antennae on your head. (SInv)
Your four strong arms can wield two-handed weapons with a shield.


Message History

Found 11 gold pieces.
Found a stone staircase leading up.
No target in view!
No target in view!
A ball python comes into view.
Found 12 gold pieces.
There is an open door here.
A ball python comes into view.
The ball python hisses angrily.
There are monsters nearby!
There are monsters nearby!
You hit the ball python.
You kill the ball python!
A ball python is nearby!
You hit the ball python.
You kill the ball python!
Unknown command.
No target in view!
No target in view!
No target in view!
You now have 113 gold pieces (gained 12).
You now have 124 gold pieces (gained 11).
Found a hammer.
Found a runed translucent door.
No target in view!
You sense a monster nearby.
No target in view!
Could not explore, unopened runed door.
No reachable target in view!
You see here a manual of Axes.
Something appears at your feet!
You pick up a manual of Axes and begin studying.
You open the door.
Crazy Yiuf says, "Snurf!
Sif Muna ladder hand."
You hit Crazy Yiuf.
Crazy Yiuf is moderately wounded.
Crazy Yiuf hits you with a +3 quarterstaff of chaos!
You barely miss Crazy Yiuf.
Crazy Yiuf is moderately wounded.
Crazy Yiuf hits you with a +3 quarterstaff of chaos.
Crazy Yiuf hits you with a +3 quarterstaff of chaos!
Ouch! That really hurt!
You die...

#..........#
#.......#....
#...########
##......#####
#...#
#...####
#...# #####
#...# #...#
#..)# #...#
#...# #...#
#...# #..)#
... #...#
#...# #g#
##### #...#
♣♣@♣ ####'#
♣.♣♣ #....#
♣♣.♣ #....#
♣.♣♣ #..†.#
♣♣.♣♣ #...<#
♣...♣♣ #...##
♣....♣ #....#
##..##
#....###....#


You could see Crazy Yiuf.

Vanquished Creatures
  A bat (D:1)
  2 giant cockroaches (D:2)
  3 goblins
  2 hobgoblins (D:1)
  2 quokkas (D:1)
  2 ball pythons (D:2)
  2 frilled lizards (D:1)
  4 kobolds
  A rat (D:1)
19 creatures vanquished.

Notes
Turn   | Place    | Note
-------+----------+-------------------------------------------
     0 | D:1      | GigaChad the Formicid Fighter began the quest for the Orb.
     0 | D:1      | Reached XP level 1. HP: 18/18 MP: 1/1
   296 | D:1      | Reached XP level 2. HP: 24/24 MP: 2/2
   752 | D:1      | Identified a scroll of acquirement
   752 | D:1      | Acquired the +0 kite shield "Vumoetep" {Regen+ Str+4}
  1036 | D:2      | Found a sparkling altar of Nemelex Xobeh.
  1060 | D:2      | Reached XP level 3. HP: 29/29 MP: 3/3
  1181 | D:2      | Found a runed translucent door.
  1182 | D:2      | Noticed Crazy Yiuf
  1185 | D:2      | Acquired a manual of Axes
  1189 | D:2      | Slain by Crazy Yiuf

Illustrated notes

Levels and vault maps discovered:
D:1:      nzn_arrival_settlement, layout_loops_corners, serial_bayou_ford_a,
          nicolae_kite_square_tiling_tiny
D:2:      layout_basic, basic_altar, uniq_crazy_yiuf_cottage

Action                     || total
---------------------------++-------
  Melee: War axe           ||    49
    Use: Scroll            ||     2
 Armour: Scale mail        ||    17
  Dodge: Dodged            ||    19
  Block: Buckler           ||     4
         Kite shield       ||    12
